Map: Orbital Shipyard

Players

lesha

  • Race: Terran Terran
  • League: Silver

Titech - Winner!

  • Race: Terran Terran
  • League: Silver

VOD

Have the link to the VOD?

Description

Time

  • Played on: Dec. 11, 2015, 9:41 a.m.
  • Length: 11:36
Show
View Real Time Build Order
Export as new Build Order

lesha Terran 

Build Orders: MMM Bio, Banshee Rush 

Get SALT Encoding   

  12  0:01  SCV  
  13  0:13  SCV  
  14  0:18  Supply Depot  
  14  0:25  SCV  
  15  0:39  SCV  
  15  0:41  Barracks  
  16  0:51  SCV  
  17  0:57  Refinery  
  17  1:03  SCV  
  18  1:16  SCV  
  19  1:29  Orbital Command  
  19  1:34  Refinery  
  19  1:36  Marine  
  20  1:54  SCV  
  20  1:57  Command Center  
  21  2:04  Supply Depot  
  21  2:06  SCV  
  22  2:13  Factory  
  22  2:18  SCV  
  23  2:30  SCV  
  23  2:32  Marine  
  25  2:47  SCV  
  26  2:51  Marine  
  26  2:58  Starport  
  27  2:59  Factory Tech Lab  
  27  3:12  SCV  
  28  3:14  SCV  
  29  3:26  SCV, Barracks Reactor  
  31  3:29  Factory Tech Lab  
  31  3:33  Orbital Command  
  30  3:38  SCV  
  30  3:40  Supply Depot  
  31  3:47  Cloaking Field  
  31  3:51  Banshee  
  34  4:04  Siege Tank  
  34  4:06  Marine  
  38  4:12  Barracks  
  38  4:15  Marine  
  38  4:16  Barracks  
  39  4:20  SCV x2  
  41  4:26  Refinery x2  
  41  4:32  SCV x2, Marine  
  41  4:33  Marine  
  45  4:41  Banshee  
  48  4:55  Engineering Bay  
  48  4:58  SCV x2  
  48  4:59  Supply Depot x2, Engineering Bay  
  50  5:04  Barracks Tech Lab  
  50  5:05  Barracks Reactor  
  50  5:07  Marine  
  50  5:10  SCV x2  
  53  5:25  SCV x2  
  53  5:26  Marine x2  
  53  5:28  Marauder  
  59  5:29  Medivac  
  61  5:37  SCV x2  
  60  5:49  SCV  
  62  5:50  SCV  
  62  5:53  Stimpack  
  62  5:54  Marine x2  
  62  5:56  Marine x2, Marauder  
  68  5:59  Medivac  
  70  6:09  Supply Depot  
  70  6:13  Supply Depot  
  70  6:30  Marine x2  
  70  6:31  SCV x2, Marauder  
  76  6:35  Marine  
  76  6:36  Marine  
  78  6:43  SCV x2  
  77  6:48  Marine  
  66  7:09  Viking  
  63  7:21  Missile Turret  
  63  7:24  Missile Turret  
  63  7:28  Terran Infantry Weapons Level 1, Terran Infantry Armor Level 1  
  63  7:29  Command Center, Marine x4  
  66  7:30  Marine  
  63  7:39  Viking  
  60  7:48  Marauder  
  62  7:55  SCV x2  
  60  8:05  Marine x2  
  60  8:06  Marine x2  
  60  8:07  SCV x2  
  60  8:09  Marauder  
  68  8:19  SCV  
  67  8:23  Marine x3  
  67  8:24  Marine  
  68  8:28  Missile Turret  
  68  8:30  Marine  
  69  8:49  Marine x4  
  69  8:50  Marauder  
  69  8:52  Medivac  
  77  8:59  SCV  
  78  9:12  Marauder  
  78  9:22  Medivac  
  47  9:43  SCV x2  
  49  9:49  Marine x2  
  49  9:50  Marine x2  
  49  9:51  Marauder  
  55  9:55  SCV x2  
  55  9:56  Orbital Command  
  57  10:05  Combat Shields  
  57  10:07  SCV  
  57  10:08  SCV  
  57  10:12  Marauder  
  61  10:19  SCV  
  61  10:20  SCV  
  63  10:22  Armory  
  63  10:26  Marine x4  
  67  10:32  SCV x2  
  67  10:33  Marine  
  70  10:40  SCV  
  71  10:44  SCV x2  
  73  10:52  SCV  
  73  10:56  SCV x2  
  76  11:03  Marine x2  
  76  11:04  Marine x2  
  79  11:05  Marauder  
Show
View Real Time Build Order
Export as new Build Order

Titech Terran - Winner!

Build Orders:  

Get SALT Encoding   

  12  0:02  SCV  
  13  0:14  SCV  
  14  0:21  Supply Depot  
  14  0:26  SCV  
  15  0:42  SCV  
  16  0:43  Barracks  
  16  0:54  SCV  
  17  1:06  SCV  
  17  1:09  Barracks  
  18  1:18  Supply Depot  
  18  1:21  SCV  
  19  1:33  SCV  
  20  1:45  Command Center  
  21  1:47  SCV  
  21  1:52  Refinery  
  21  1:59  SCV  
  21  2:00  Refinery  
  22  2:01  Marine  
  22  2:08  Marine  
  24  2:19  SCV, Marine  
  26  2:25  Marine  
  27  2:32  SCV  
  28  2:45  Marine x2  
  28  2:46  SCV  
  28  2:49  Factory  
  31  2:54  Supply Depot  
  31  2:59  Engineering Bay  
  31  3:06  Orbital Command  
  31  3:09  SCV  
  32  3:19  Marine  
  33  3:20  Barracks Tech Lab  
  33  3:21  SCV  
  34  3:34  Factory Reactor  
  34  3:35  Starport  
  34  3:38  SCV  
  35  3:42  SCV  
  35  3:46  Marauder  
  35  3:47  Marine  
  39  3:55  Barracks  
  39  4:04  SCV  
  39  4:05  SCV  
  41  4:10  Terran Infantry Weapons Level 1  
  41  4:12  Liberator  
  41  4:19  SCV x2  
  41  4:23  Missile Turret x2  
  43  4:26  Marauder  
  43  4:31  Factory Tech Lab  
  48  4:36  Refinery  
  48  4:39  SCV, Refinery  
  49  4:47  Marine  
  49  4:50  Medivac  
  49  4:52  Marine  
  53  4:59  Supply Depot  
  53  5:05  Barracks  
  53  5:11  Orbital Command  
  53  5:16  Missile Turret  
  53  5:17  Missile Turret  
  53  5:22  Supply Depot  
  50  5:34  SCV  
  48  5:48  SCV x2  
  50  5:55  Marine  
  50  5:56  Marauder, Marine  
  54  5:58  Barracks Tech Lab  
  54  6:00  SCV  
  54  6:01  SCV, Medivac  
  58  6:05  Terran Infantry Armor Level 1, Armory  
  58  6:13  SCV x2  
  58  6:15  Siege Tank  
  63  6:25  SCV x2  
  61  6:48  Medivac x2  
  61  6:49  Marine x3  
  61  6:50  Marauder  
  70  7:15  Supply Depot  
  70  7:36  Marauder x2, Marine x2  
  76  7:37  Supply Depot, Engineering Bay  
  76  7:39  SCV x2  
  78  7:58  Siege Tank, Marine  
  78  7:59  Marauder  
  78  8:02  Terran Infantry Armor Level 2  
  84  8:18  Marine x2  
  84  8:19  Marine, Marauder  
  88  8:21  Medivac  
  88  8:25  Medivac  
  93  8:38  Marauder  
  95  8:43  Supply Depot  
  95  8:47  Command Center  
  95  8:48  Terran Infantry Weapons Level 2  
  95  8:57  Marine x2  
  95  8:58  Marauder  
  95  8:59  Marine  
  80  9:48  Command Center  
  80  9:50  Siege Tank  
  80  9:51  Marine  
  84  9:53  Marauder, Marine x2  
  84  9:55  Barracks  
  88  10:01  SCV x2  
  90  10:09  Marine  
  90  10:11  Marauder  
  90  10:13  SCV x2  
  95  10:15  Marauder  
  97  10:25  SCV  
  97  10:26  SCV  
  99  10:50  Viking x2  
Tags
 
Composition
MMM Bio
Matchup
TvT
Race
Terran
Strategy
Banshee Rush
Add a new tag
Caveats
  • Supply blocks, unpowered buildings, or Contaminate may cause inaccurate times.
  • Supply counts are checked every 10 seconds.